 Dungeon Crawl Stone Soup version 0.30-a0-622-gddc90eaa04 (webtiles) character file.

Game seed: 17685868579332146874

14790 IdlyInterested the Cleaver (level 11, -25/93 HPs)
             Began as a Demonspawn Gladiator on Jan 5, 2023.
             Annihilated by a boulder beetle simulacrum (28 damage)
             ... on level 10 of the Dungeon on Jan 10, 2023.
             The game lasted 00:29:02 (10115 turns).

IdlyInterested the Cleaver (Demonspawn Gladiator)  Turns: 10115, Time: 00:29:02

Health: -25/93     AC: 20    Str: 18    XL:     11   Next: 93%
Magic:  11/11      EV:  8    Int:  9    God:
Gold:   688        SH:  5    Dex: 13    Spells: 10/10 levels left

rFire   . . .      SeeInvis .    A - +6 broad axe of Execution {freeze, Will+}
rCold   . . .      Faith    .    s - +0 buckler
rNeg    . . .      Spirit   .    I - +4 chain mail of Jam Oke {-Cast Rampage rPois Dex-3}
rPois   +          Reflect  .    (helmet unavailable)
rElec   .          Harm     .    y - +0 cloak
rCorr   .          Rampage  +    c - +0 pair of gloves
Will    ++...      NoCast   +    b - +0 pair of boots Stlth
                                 (no amulet)
HPRegen 0.35/turn                l - ring of willpower
MPRegen 0.12/turn                F - +4 ring of protection

@: slowed, very slow
A: horns 3, foul stench 2, powered by death 1, poison resistance
a: no special abilities


You were on level 10 of the Dungeon.
You visited 2 branches of the dungeon, and saw 11 of its levels.
You also visited: Bailey.

You collected 688 gold pieces.

Inventory:

Hand Weapons
 j - a +0 morningstar
 A - the +6 broad axe of Execution (weapon) {freeze, Will+}
   (You found it on level 3 of the Dungeon)

   Will:      It increases your willpower.
 N - a +0 broad axe
 P - a +0 broad axe
 S - a +0 trident
Missiles
 d - 3 throwing nets
 e - 9 javelins
 g - 55 stones (quivered)
 u - 5 curare-tipped darts
 z - 11 boomerangs
 E - 26 poisoned darts
Armour
 b - a +0 pair of boots (worn)
 c - a +0 pair of gloves (worn)
 o - a +1 plate armour
 s - a +0 buckler (worn)
 y - a +0 cloak (worn)
 C - a scarf of harm
 I - the +4 chain mail of Jam Oke (worn) {-Cast Rampage rPois Dex-3}
   (You found it on level 8 of the Dungeon)

   Dex:       It affects your dexterity (-3).
   rPois:     It protects you from poison.
   -Cast:     It prevents spellcasting.
   Rampage:   It bestows one free step when moving towards enemies.
Jewellery
 f - a ring of wizardry
 h - a ring of see invisible
 l - a ring of willpower (left hand)
 x - a +6 ring of dexterity
 F - a +4 ring of protection (right hand)
 G - a ring of flight
Wands
 r - a wand of iceblast (4)
 H - a wand of polymorph (8)
 K - a wand of charming (7)
 Q - a wand of quicksilver (6)
Scrolls
 a - a scroll of fog
 v - 6 scrolls of teleportation
 M - a scroll of vulnerability
 O - a scroll of torment
 R - a scroll of enchant armour
 T - a scroll of enchant weapon
Potions
 i - 7 potions of curing
 k - a potion of attraction
 m - a potion of ambrosia
 n - 2 potions of flight
 p - 4 potions of cancellation
 q - a potion of lignification
 t - a potion of mutation
 w - a potion of invisibility
 B - a potion of brilliance
 D - a potion of haste
 J - 2 potions of might
 L - 2 potions of heal wounds


   Skills:
 * Level 11.2 Fighting
 + Level 13.1 Axes
 - Level 3.0 Throwing
 - Level 4.0 Armour
 * Level 3.2 Dodging
 - Level 4.0 Shields
 - Level 3.0 Evocations


You had 10 spell levels left.
You didn't know any spells.
Your spell library contained the following spells:

 Spells                   Type           Power      Damage    Failure   Level
 Freeze                   Ice            0%         1d3       100%        1
 Magic Dart               Conj           0%         1d3       100%        1
 Cigotuvi's Dreadful Rot  Necr/Pois/Air  0%         N/A       100%        2
 Poisonous Vapours        Pois/Air       0%         N/A       100%        2
 Searing Ray              Conj           0%         2d4       100%        2
 Frozen Ramparts          Ice            0%         1d1       100%        3
 Gell's Gravitas          Tloc           0%         N/A       100%        3
 Hailstorm                Conj/Ice       0%         3d3       100%        3
 Inner Flame              Hex/Fire       0%         N/A       100%        3
 Lesser Beckoning         Tloc           0%         N/A       100%        3
 Mephitic Cloud           Conj/Pois/Air  0%         N/A       100%        3
 Teleport Other           Tloc           0%         N/A       100%        3
 Cause Fear               Hex            0%         N/A       100%        4
 Dispel Undead            Necr           0%         3d6       100%        4
 Fulminant Prism          Conj/Hex       0%         3d5       100%        4
 Freezing Cloud           Conj/Ice/Air   0%         6-21      100%        5
 Death Channel            Necr           0%         N/A       100%        6
 Simulacrum               Ice/Necr       0%         N/A       100%        6
 Borgnjor's Revivificati  Necr           0%         N/A       100%        8
 Discord                  Hex            0%         N/A       100%        8
 Necromutation            Tmut/Necr      0%         N/A       100%        8
 Death's Door             Necr           0%         N/A       100%        9
 Polar Vortex             Ice            0%         N/A       100%        9


Dungeon Overview and Level Annotations

Branches:
Dungeon (10/15)            Temple (1/1) D:5          Bailey (visited)
   Lair: D:8-11         Orc: D:9-12

Altars:
Ashenzari
Cheibriados
Dithmenos
Fedhas
Gozag
Hepliaklqana
Kikubaaqudgha
Makhleb
Nemelex Xobeh
Okawaru
Qazlal
Ru
Sif Muna
Uskayaw
Vehumet
Wu Jian
Xom
Yredelemnul


Innate Abilities, Weirdness & Mutations

You have a pair of large horns on your head.
You sometimes emit foul miasma when damaged in melee.
You regenerate a little health from kills.
Your system is resistant to poisons. (rPois)


Message History

The wraith hits you but does no damage. You block the wraith's attack.
You closely miss the wraith.
The wraith is severely damaged.
The wraith hits you. The wraith drains your vigour!
You feel as though you will be slow longer.
You emit a cloud of foul miasma!
You completely miss the wraith.
The wraith is severely damaged.
The wraith hits you but does no damage. The wraith hits you.
The wraith drains your vigour!
You feel as though you will be slow longer.
You closely miss the wraith.
The wraith is heavily damaged.
The wraith hits you but does no damage.
You slash the wraith!
The wraith is almost destroyed.
The wraith hits you but does no damage. x2
You slice the wraith!!
You destroy the wraith!
The boulder beetle simulacrum completely misses you.
You slash the boulder beetle simulacrum!
You headbutt the boulder beetle simulacrum, but do no damage.
The boulder beetle simulacrum is moderately damaged.
The boulder beetle simulacrum bites you but does no damage.
You hit the boulder beetle simulacrum but do no damage.
The boulder beetle simulacrum is moderately damaged.
The boulder beetle simulacrum bites you but does no damage.
You slash the boulder beetle simulacrum!
The boulder beetle simulacrum is severely damaged.
The boulder beetle simulacrum bites you!
The boulder beetle simulacrum freezes you!!
* * * LOW HITPOINT WARNING * * *
You emit a cloud of foul miasma!
You hit the boulder beetle simulacrum.
You headbutt the boulder beetle simulacrum, but do no damage.
The boulder beetle simulacrum is almost destroyed.
The boulder beetle simulacrum bites you!
* * * LOW HITPOINT WARNING * * *
The boulder beetle simulacrum freezes you!!
You die...

........#.#..8..≈≈≈≈≈~≈≈≈≈~ ≈≈≈≈.
...............≈≈≈≈≈~≈≈≈≈≈≈ ≈≈≈≈≈
+#..#.....##..≈~≈...########...≈~
.......##.##.≈≈≈...##.... #...≈
.#..#.###.##.≈≈...'#..# ##...
.............≈≈..##..# ##..
.............≈≈.##..## ##.
.............≈~##..## ##
.#...........~≈#@.## #
.#........###≈≈#Z## # ##.######.#
#≈≈#.# # #.# #.# ≈≈#.+ + # ...
≈≈#.# # #.# # #.. # ##. ## .# ##.


You could see a boulder beetle simulacrum.

Vanquished Creatures
  2 vault guards (Bailey)
  3 two-headed ogres
  3 centaur zombies (D:10)
  A centaur skeleton (D:10)
  A polar bear (D:10)
  Prince Ribbit (Bailey)
  10 flying skulls (D:10)
  2 wyverns
  4 wraiths
  15 yaks
  2 humans (Bailey)
  5 vampire mosquitoes (D:10)
  Grum (D:10)
  A warg (D:10)
  A water moccasin (D:6)
  3 black bears
  6 orc warriors
  An ice beast (D:6)
  2 centaurs
  An ogre (D:6)
  3 wolves (D:10)
  2 phantoms
  2 kobold brigands (D:9)
  A necrophage (D:4)
  A gnoll sergeant (D:8)
  5 bullfrogs (Bailey)
  4 scorpions
  8 wights
  9 killer bees
  3 howler monkeys
  A jelly (D:6)
  9 hounds
  5 orc priests
  A gnoll bouda (D:7)
  A hell rat (D:10)
  An iguana (D:7)
  8 orc wizards
  A statue (D:6)
  2 centaur simulacra (D:10)
  A howler monkey zombie (D:10)
  16 gnolls
  5 adders
  2 shadow imps (D:5)
  2 white imps
  An ufetubus (D:7)
  2 worms (D:2)
  4 dart slugs
  28 orcs
  9 endoplasms
  3 giant cockroaches
  10 goblins
  12 hobgoblins
  11 jackals
  A quokka (D:3)
  13 ball pythons
  8 bats
  9 frilled lizards
  18 kobolds
  6 rats
293 creatures vanquished.

Notes
Turn   | Place    | Note
-------+----------+-------------------------------------------
     0 | D:1      | IdlyInterested the Demonspawn Gladiator began the quest for
                  | the Orb.
     0 | D:1      | Reached XP level 1. HP: 16/16 MP: 1/1
   168 | D:1      | Reached skill level 3 in Axes
   168 | D:1      | Gained mutation: You may rarely emit foul miasma when
                  | damaged in melee. [demonic ancestry]
   168 | D:1      | Reached XP level 2. HP: 22/22 MP: 2/2
   482 | D:1      | Reached XP level 3. HP: 24/28 MP: 3/3
   608 | D:1      | Reached skill level 1 in Armour
  1420 | D:2      | Gained mutation: You regenerate a little health from kills.
                  | [demonic ancestry]
  1420 | D:2      | Reached XP level 4. HP: 34/34 MP: 4/4
  2028 | D:3      | Reached skill level 4 in Axes
  2973 | D:3      | Identified the +6 broad axe of Execution {freeze, Will+}
  3320 | D:4      | Noticed a necrophage
  3327 | D:4      | Killed a necrophage
  3328 | D:4      | Gained mutation: You have a pair of small horns on your
                  | head. [demonic ancestry]
  3328 | D:4      | Reached XP level 5. HP: 40/41 MP: 5/5
  3461 | D:4      | Found a hazy altar of Hepliaklqana.
  3656 | D:4      | Reached skill level 5 in Axes
  4216 | D:4      | Noticed a phantom
  4225 | D:4      | Killed a phantom
  4226 | D:4      | Gained mutation: You have a pair of horns on your head.
                  | [demonic ancestry]
  4226 | D:4      | Reached XP level 6. HP: 33/47 MP: 6/6
  4335 | D:4      | Reached skill level 1 in Shields
  4337 | D:4      | Upgraded the game from 0.30-a0-591-g3c58d2bc28 to
                  | 0.30-a0-622-gddc90eaa04
  4587 | D:5      | Entered Level 5 of the Dungeon
  4624 | D:5      | Noticed an orc warrior
  4637 | D:5      | Gained mutation: You sometimes emit foul miasma when
                  | damaged in melee. [demonic ancestry]
  4637 | D:5      | Reached XP level 7. HP: 54/54 MP: 7/7
  4648 | D:5      | Reached skill level 6 in Axes
  4669 | D:5      | Found a staircase to the Ecumenical Temple.
  4834 | D:5      | Gained mutation: Your system is resistant to poisons.
                  | (rPois) [potion of mutation]
  4834 | D:5      | Gained mutation: You have a pair of large horns on your
                  | head. [potion of mutation]
  4862 | D:5      | You fall into a shaft and drop 1 floor!
  4882 | D:6      | Reached skill level 5 in Fighting
  4895 | D:6      | Found a shimmering blue altar of Sif Muna.
  4935 | D:6      | Reached XP level 8. HP: 59/62 MP: 8/8
  4948 | D:6      | Found a radiant altar of Vehumet.
  4995 | D:6      | Found an iron altar of Okawaru.
  5012 | D:6      | Reached skill level 7 in Axes
  5032 | D:6      | Found a shadowy altar of Dithmenos.
  5104 | Temple   | Entered the Ecumenical Temple
  6143 | D:6      | Reached skill level 8 in Axes
  6659 | D:7      | Reached XP level 9. HP: 63/71 MP: 9/9
  7262 | D:8      | Noticed a two-headed ogre
  7271 | D:8      | Reached skill level 9 in Axes
  7274 | D:8      | Killed a two-headed ogre
  7498 | D:8      | Reached skill level 10 in Axes
  7510 | D:8      | Identified the +4 chain mail of Jam Oke {-Cast Rampage
                  | rPois Dex-3}
  7743 | D:8      | Mutation became permanent: You have a pair of horns on your
                  | head. [demonic ancestry]
  7743 | D:8      | Gained mutation: You have a pair of large horns on your
                  | head. [demonic ancestry]
  7743 | D:8      | Reached XP level 10. HP: 80/80 MP: 10/10
  7942 | D:9      | Found a flagged portal.
  8030 | Bailey   | Entered a bailey
  8041 | Bailey   | Reached skill level 1 in Evocations
  8099 | Bailey   | Noticed a vault guard
  8109 | Bailey   | Killed a vault guard
  8110 | Bailey   | Reached skill level 11 in Axes
  8245 | Bailey   | Noticed a vault guard
  8245 | Bailey   | Noticed Prince Ribbit
  8254 | Bailey   | Killed Prince Ribbit
  8256 | Bailey   | Killed a vault guard
  8468 | D:9      | Found a blossoming altar of Fedhas.
  8470 | D:9      | Found a shimmering altar of Xom.
  8470 | D:9      | Found a sacrificial altar of Ru.
  8471 | D:9      | Found an ornate altar of the Wu Jian Council.
  8517 | D:9      | Noticed a two-headed ogre
  8525 | D:9      | Killed a two-headed ogre
  8623 | D:9      | Noticed a two-headed ogre
  8631 | D:9      | Reached XP level 11. HP: 47/90 MP: 11/11
  8631 | D:9      | Killed a two-headed ogre
  8878 | D:9      | Reached skill level 10 in Fighting
  8889 | D:9      | Reached skill level 12 in Axes
  8970 | D:9      | Found a hide-covered altar of Uskayaw.
  9287 | D:10     | Entered Level 10 of the Dungeon
  9641 | D:10     | Noticed Grum
  9655 | D:10     | Killed Grum
  9991 | D:10     | Reached skill level 13 in Axes
 10115 | D:10     | HP: 3/93 [boulder beetle simulacrum (15)]
 10115 | D:10     | Annihilated by a boulder beetle simulacrum

Illustrated notes

Levels and vault maps discovered:
D:1:      dpeg_arrival_arbitrary_c, layout_loops_ring
D:2:      layout_basic
D:3:      minmay_general_purpose_star, layout_basic,
          mainiacjoe_overflow_24_doors, minmay_misc_feat_columns,
          kennysheep_minor_cross, chequers_mini_garden
D:4:      layout_basic, amcnicky_altar_gilded, hangedman_decor_opposing,
          minmay_bent
D:5:      layout_rooms, mainiacjoe_overflow_boulevard,
          minmay_temple_entry_arrows
D:6:      layout_loops_ring, nicolae_dithmenos_the_darkroom, marbit_many_paths,
          overflow_temple_1_default, vehumet_statue
D:7:      layout_gridville
D:8:      layout_rooms, mrwooster_statue_mirror, chequers_serial_rivers_small_b
D:9:      layout_long_grid, mainiacjoe_overflow_surrounded_room,
          mainiacjoe_overflow_catwalk,
          chequers_temple_overflow_statue_of_worship, enter_bailey_8
D:10:     lemuel_vampire_tower, layout_basic, trog_ov_bears_minmay, uniq_grum,
          uniq_nergalle
Temple:   hellmonk_temple_flake

Skill      XL: |  1  2  3  4  5  6  7  8  9 10 11 |
---------------+----------------------------------+-----
Axes           | 3 4 5 6 8 10 11 13 | 13.1
Armour         | 1 2 3 4 |  4.0
Dodging        | 3 |  3.2
Fighting       | 3 4 5 6 8 9 11 | 11.2
Throwing       | 2 3 |  3.0
Shields        | 1 2 3 4 |  4.0
Evocations     | 3 |  3.0

Action                   |  1- 3 |  4- 6 |  7- 9 | 10-12 || total
-------------------------+-------+-------+-------+-------++-------
Melee: War axe           |   127 |    68 |       |       ||   195
       Broad axe         |       |    53 |   163 |   304 ||   520
       Headbutt          |       |     3 |    37 |    52 ||    92
Throw: Stone             |       |       |     8 |     1 ||     9
  Use: Scroll            |     3 |     5 |    12 |     2 ||    22
       Potion            |       |       |     3 |     1 ||     4
Armor: Leather armour    |     7 |       |       |       ||     7
       Ring mail         |    41 |    38 |    13 |       ||    92
       Plate armour      |       |       |    74 |       ||    74
       Chain mail        |       |       |     7 |   187 ||   194
Dodge: Dodged            |    92 |    75 |    68 |   100 ||   335
Block: Buckler           |    15 |    27 |    50 |    71 ||   163

Table legend: (Time is in decaauts)
 A = Elapsed time spent in this place.
 B = Non-inter-level travel time spent in this place.
 C = Inter-level travel time spent in this place.
 D = Time resting spent in this place.
 E = Time spent auto-exploring this place.
 F = Levels seen in this place.
 G = Mean time per level.
                   A        B        C        D        E       F      G
               +--------+--------+--------+--------+--------+-----+--------+
         Total |  10301 |   9213 |   1088 |    180 |   6390 |  12 |  858.4 |
       Dungeon |   9752 |   8664 |   1088 |    122 |   6118 |  10 |  975.2 |
        Temple |    152 |    152 |      0 |      0 |    134 |   1 |  152.0 |
        Bailey |    396 |    396 |      0 |     58 |    138 |   1 |  396.0 |
               +--------+--------+--------+--------+--------+-----+--------+

Top non-repeatable levels by time:
     D:4: 1474 daAuts
     D:3: 1419 daAuts
     D:7: 1113 daAuts
     D:2: 1048 daAuts
     D:9: 1015 daAuts
     D:6: 986 daAuts
     D:1: 837 daAuts
    D:10: 802 daAuts
     D:5: 588 daAuts
     D:8: 465 daAuts
  Bailey: 396 daAuts
  Temple: 152 daAuts
